Unix NetHack Version 3.7.0-65 Work-in-progress - last build Oct 10 2022 05:34:18 (2afc5cfc90f7ecdc2856d9919a2295b875398e55,branch:master). Game began 2022-10-18 14:04:36, ended 2022-10-19 17:41:34. torpedovariant, lawful female human Cavewoman --- ..... ..| .. .... ...| ..............| ........... ..| .... . ......| ----- --- .. ----- |... 1 2 -.-- --..--------- ..%.. --4..|.X.....| .... ---...4|.......| ....%..a@%AA...@@@.| . .---...4|...V...| .-- --...|.......| --..--------- |... 5 5 ----- Torpedovariant the Wayfarer St:25 Dx:18 Co:18 In:18 Wi:18 Ch:17 Lawful Astral Plane $:0 HP:313(340) Pw:73(73) AC:-33 Exp:17 T:40499 Satiated Latest messages: "I've met smarter (and prettier) acid blobs." The priest of Anu swings his mace at the giant beetle. The priest of Anu hits the giant beetle. The giant beetle is killed! The xorn misses Eve the Swashbuckler. The xorn misses Eve the Swashbuckler. The xorn misses Eve the Swashbuckler. The xorn misses Eve the Swashbuckler. The xorn reads a scroll of teleportation! A mysterious force prevents the xorn from teleporting! The vampire lord misses Eve the Swashbuckler. The vampire lord misses Eve the Swashbuckler. The Angel of Ishtar swings his long sword at it. The Angel of Ishtar hits it. The Angel of Ishtar swings his long sword at it. The Angel of Ishtar hits it. The Angel of Ishtar hits it. It swings its mace at the Angel of Ishtar. It hits the Angel of Ishtar. It hits the Angel of Ishtar. The priest of Anu swings his mace at the vampire lord. The priest of Anu hits the vampire lord. The priest of Anu hits the vampire lord. The vampire lord hits the priest of Anu. The vampire lord bites the priest of Anu. The high priest swings his mace at the vampire lord. The high priest hits the vampire lord. The high priest hits the vampire lord. The vampire lord hits the high priest of Anu. The vampire lord bites the high priest of Anu. The Angel of Ishtar zaps you with a magic missile! The magic missile misses the Angel of Anshar. The magic missile whizzes by you! The magic missile misses Eve the Swashbuckler. The magic missile bounces! The magic missile misses Eve the Swashbuckler. There is a high altar to Anu (lawful) here. There is a high altar to Anu (lawful) here. There is a high altar to Anu (lawful) here. There is a high altar to Anu (lawful) here. There is a high altar to Anu (lawful) here. There is a high altar to Anu (lawful) here. There is a high altar to Anu (lawful) here. What do you want to sacrifice? [o or ?*] You offer the Amulet of Yendor to Anu... An invisible choir sings, and you are bathed in radiance... The voice of Anu booms out: "Mortal, thou hast done well!" "In return for thy service, I grant thee the gift of Immortality!" You ascend to the status of Demigoddess... Do you want your possessions identified? [ynq] (y) Inventory: Amulets y - an uncursed amulet of guarding (being worn) Weapons a - the blessed rustproof +6 Sceptre of Might (weapon in hand) Armor A - an uncursed +4 Hawaiian shirt with a sea turtle motif named "sea turtles on a yellow background" (being worn) B - an uncursed greased +5 gray dragon scale mail (being worn) C - an uncursed thoroughly burnt +0 cloak of displacement (being worn) D - an uncursed thoroughly burnt +4 pair of speed boots (being worn) E - an uncursed greased rustproof +2 pair of gauntlets of power (being worn) F - an uncursed very rusty +1 dwarvish iron helm (being worn) G - an uncursed +4 shield of reflection (being worn) Comestibles L - an uncursed lizard corpse named KFC Spellbooks d - the cursed Book of the Dead Rings q - a blessed ring of regeneration Y - a blessed ring of free action (on right hand) Wands c - an uncursed wand of slow monster (0:8) e - an uncursed wand of death (1:3) f - an uncursed wand of digging (0:0) i - an uncursed wand of slow monster (0:3) v - an uncursed wand of teleportation (0:6) w - an uncursed wand of teleportation (0:3) z - an uncursed wand of digging (0:7) I - an uncursed wand of teleportation (0:2) Tools b - a blessed bag of holding containing 121 items h - the cursed Candelabrum of Invocation (0 of 7 candles attached) k - an uncursed skeleton key s - a cursed sack named cancellation containing 2 items t - an uncursed towel u - a blessed +0 unicorn horn named Lh; X - the uncursed Bell of Opening (0:1) Gems/Stones x - a blessed luckstone Contents of the bag of holding: an uncursed amulet of ESP an uncursed amulet of life saving an uncursed amulet of life saving an uncursed amulet of life saving an uncursed amulet of life saving an uncursed amulet of magical breathing a blessed rustproof +5 aklys an uncursed +0 pair of leather gloves an uncursed +0 pair of water walking boots an uncursed +0 pair of speed boots an uncursed +0 mummy wrapping 9 uncursed food rations an uncursed lizard corpse named MCD a blessed scroll of scare monster a blessed scroll of scare monster 5 blessed scrolls of blank paper an uncursed scroll of charging a blessed scroll of create monster a blessed scroll of earth 3 uncursed scrolls of earth 3 uncursed scrolls of enchant armor a blessed scroll of enchant weapon 2 uncursed scrolls of fire an uncursed scroll of food detection a blessed scroll of gold detection 4 blessed scrolls of identify an uncursed scroll of identify 3 blessed scrolls of remove curse an uncursed scroll of remove curse 2 uncursed scrolls of taming 20 potions of holy water 4 potions of unholy water an uncursed potion of enlightenment an uncursed potion of extra healing 4 blessed diluted potions of full healing an uncursed potion of full healing a cursed potion of full healing an uncursed potion of full healing an uncursed potion of gain energy 3 uncursed potions of healing 3 blessed potions of levitation a blessed potion of paralysis 3 uncursed potions of paralysis 2 blessed potions of restore ability an uncursed potion of restore ability an uncursed potion of sleeping a blessed ring of levitation an uncursed ring of levitation an uncursed ring of levitation an uncursed ring of polymorph control an uncursed ring of polymorph control an uncursed ring of regeneration an uncursed ring of regeneration an uncursed ring of regeneration an uncursed ring of regeneration an uncursed ring of teleport control an uncursed ring of teleport control an uncursed ring of teleport control an uncursed ring of warning an uncursed wand of opening (0:4) an uncursed wand of cold (0:3) an uncursed wand of cold (0:2) an uncursed wand of cold (0:6) an uncursed wand of cold (0:3) an uncursed wand of cold (0:5) an uncursed wand of cold (0:8) an uncursed wand of digging (0:6) an uncursed wand of digging (0:2) an uncursed wand of digging (0:6) an uncursed wand of digging (0:5) an uncursed wand of digging (0:4) an uncursed wand of digging (0:0) an uncursed wand of digging (0:7) an uncursed wand of digging (0:3) an uncursed wand of digging (0:7) an uncursed wand of digging (0:6) an uncursed wand of fire (0:4) an uncursed wand of fire (0:3) an uncursed wand of fire (0:8) an uncursed wand of fire (0:5) an uncursed wand of fire (0:5) an uncursed wand of light (0:10) an uncursed wand of light (0:11) an uncursed wand of light (0:14) an uncursed wand of lightning (0:5) an uncursed wand of lightning (0:7) an uncursed wand of lightning (0:2) an uncursed wand of lightning (0:2) an uncursed wand of magic missile (0:4) an uncursed wand of magic missile (0:3) an uncursed wand of magic missile (0:8) an uncursed wand of probing (0:5) an uncursed wand of probing (0:8) an uncursed wand of secret door detection (0:13) an uncursed wand of secret door detection (0:13) an uncursed wand of secret door detection (0:14) an uncursed wand of sleep (0:4) an uncursed wand of sleep (0:8) an uncursed wand of sleep (0:7) an uncursed wand of sleep (0:2) an uncursed wand of sleep (0:0) an uncursed wand of speed monster (0:4) an uncursed wand of speed monster (0:3) an uncursed wand of speed monster (0:7) an uncursed wand of striking (0:2) an uncursed wand of striking (0:0) an uncursed wand of striking (0:1) an uncursed wand of striking (0:0) an uncursed wand of striking (0:1) an uncursed wand of striking (0:0) an uncursed wand of undead turning (0:4) an uncursed wand of wishing (1:1) an uncursed bugle 2 uncursed tallow candles a blessed magic marker (1:25) an uncursed magic whistle an uncursed +0 pick-axe an uncursed wax candle an uncursed amethyst stone an uncursed opal 2 uncursed rubies Contents of the sack named cancellation: an uncursed wand of cancellation (0:3) an uncursed wand of cancellation (0:5) Torpedovariant the Cavewoman's attributes: Background: You were a Wayfarer, a level 17 human Cavewoman. You were lawful, on a mission for Anu who was opposed by Ishtar (neutral) and Anshar (chaotic). You were in the endgame, on the Astral Plane. You entered the dungeon 40499 turns ago. You had 645149 experience points, 634851 more were needed to attain level 18. Basics: You had 313 out of 340 hit points. You had all 73 energy points (spell power). Your armor class was -33. Your wallet was empty. Autopickup was off. Final Characteristics: Your strength was 25 (base:18/29, innate limit:18/100). Your dexterity was 18 (limit:18). Your constitution was 18 (limit:18). Your intelligence was 18 (limit:18). Your wisdom was 18 (limit:18). Your charisma was 17 (limit:18). Final Status: You were satiated. You were unencumbered. You were wielding a mace. You had expert skill with mace. Final Attributes: You were the Hand of Elbereth. You were piously aligned. You were magic-protected. You were fire resistant. You were cold resistant. You were sleep resistant. You were disintegration resistant. You were shock resistant. You were poison resistant. You saw invisible. You were telepathic. You were warned. You were displaced. You were stealthy. You caused conflict. You had a large defense bonus (+11). You were protected. You were very fast. You had reflection. You had free action. You were extremely lucky. You had extra luck. Good luck did not time out for you. You survived. Miscellaneous: You encountered 1 bones level. Total elapsed playing time was 5 hours and 57 seconds. Major events: Turn 1: torpedovariant the lawful human Cavewoman entered the dungeon 640: entered the Gnomish Mines 761: attained the rank of Aborigine (level 3) 2019: attained the rank of Wanderer (level 6) 2798: reached Mine Town 7749: entered Sokoban 9016: completed 1st Sokoban level 9417: completed 2nd Sokoban level 9683: completed 3rd Sokoban level 9988: attained the rank of Vagrant (level 10) 10787: completed 4th Sokoban level 11016: acquired the Sokoban amulet of reflection 13259: acquired the Mines' End luckstone 15281: entered the Bigroom 15345: destroyed PetraKelly's ghost, the former Adept 15356: found Sting on the floor 15370: found Orcrist in a container 25832: was crowned "The Hand of Elbereth" by Anu 28011: killed Medusa 29796: made her first wish - "uncursed magic marker", got "a magic marker" 29802: wished for "blessed greased greased greased greased greased greased greased greased greased poisoned +2 gray dragon scale mail", got "a greased gray dragon scale mail" 30788: wished for "uncursed magic marker", got "a magic marker" 30826: attained the rank of Wayfarer (level 14) 31306: performed her first genocide (class L) 31314: genocided class h 33419: found the Sceptre of Might on the floor 33445: killed the invisible Chromatic Dragon 33451: acquired the Bell of Opening 33858: entered Gehennom 35107: killed the invisible Asmodeus 35475: killed Juiblex 35968: killed Baalzebub 36215: wished for "blessed magic marker", got "a magic marker" 36367: killed the invisible Orcus 37180: destroyed Vlad the Impaler 37182: acquired the Candelabrum of Invocation 37183: wished for "blessed greased greased greased greased greased greased fixed poisoned +2 gauntlets of power", got "a greased pair of old gloves" 38542: killed the Wizard of Yendor 38550: acquired the Book of the Dead 38568: performed the invocation 38652: killed the Wizard of Yendor (2nd time) 38675: killed the invisible high priest of Moloch 38677: acquired The Amulet of Yendor 39303: killed the Wizard of Yendor (3rd time) 39528: killed the Wizard of Yendor (5th time) 40222: entered the Elemental Planes 40222: entered Plane of Earth 40318: entered Plane of Air 40385: entered Plane of Fire 40405: entered Plane of Water 40407: genocided class ; 40464: entered the Astral Plane 40484: killed Famine 40499: ascended Vanquished creatures: Asmodeus Baalzebub Orcus Juiblex the Wizard of Yendor (7 times) Famine Vlad the Impaler a high cleric 4 mastodons Medusa 10 krakens 2 iron golems 3 storm giants a glass golem 2 balrogs the Chromatic Dragon a purple worm a gold dragon 2 silver dragons a red dragon a white dragon an orange dragon 2 black dragons 2 blue dragons a yellow dragon 16 minotaurs a jabberwock a baluchitherium 3 stone golems 2 Olog-hai 4 pit fiends 3 sandestins a hell hound a displacer beast 3 titanotheres 4 trappers 26 vampire leaders 4 skeletons 6 aligned clerics 2 captains 5 shades 2 liches 6 nurses 2 nalfeshnees 3 lurkers above 2 frost giants an ettin 9 black puddings 30 vampires 4 lieutenants 41 ghosts a queen bee a winged gargoyle 2 mind flayers 5 giant mimics 2 long worms 6 zruties 2 fire giants 7 ogre tyrants 7 rock trolls 8 umber hulks 3 flesh golems 2 elven monarchs 4 doppelgangers 4 hezrous 5 bone devils 3 large mimics 2 wumpuses 3 fire vortices a couatl 7 stalkers 7 air elementals 5 fire elementals 4 earth elementals 10 water elementals 53 hill giants a giant mummy 5 xorns 13 giant zombies 5 elf-nobles 10 sergeants 2 water demons 13 barbed devils 12 vrocks 2 salamanders 5 wargs 2 winter wolves 3 hell hound pups 9 small mimics 3 glass piercers 9 warhorses 8 steam vortices 9 xans 4 ettin mummies 7 ogre leaders 10 quantum mechanics 18 trolls a sasquatch 2 wood golems 2 erinyes a marilith 8 sharks 8 electric eels 6 gelatinous cubes 6 pyrolisks a large dog 4 freezing spheres 9 flaming spheres a shocking sphere 2 large cats 6 tigers 2 gargoyles 2 tengu 3 ochre jellies 2 leocrottas 4 energy vortices 4 mountain centaurs 4 stone giants 6 elf mummies 3 red nagas 3 pythons a pit viper 36 wraiths 2 carnivorous apes 13 ettin zombies 6 Grey-elves 53 soldiers 4 amorous demons 5 horned devils 7 chameleons 3 crocodiles 14 giant beetles 6 quivering blobs 18 cockatrices 9 wolves 7 winter wolf cubs a lynx a panther 23 gremlins 26 leprechauns 5 orc-captains 7 iron piercers 4 mumakil 4 giant spiders 6 scorpions 9 horses 3 ice vortices 6 black lights 8 vampire bats 8 forest centaurs 3 gnome rulers an orc mummy 8 ogres 3 rust monsters 9 owlbears 11 yetis 12 Green-elves 6 piranha 17 giant eels 16 lizards 8 chickatrices a dingo a dog 3 housecats 6 jaguars 8 dwarf leaders 2 blue jellies a white unicorn 3 gray unicorns 2 black unicorns 7 dust vortices 34 ravens 4 plains centaurs 4 gnome mummies 10 snakes 9 apes 22 human zombies a rope golem 13 Woodland-elves 14 soldier ants 5 fire ants 12 bugbears 4 imps a lemure 13 quasits 3 wood nymphs 6 water nymphs 4 mountain nymphs 8 Mordor orcs 9 Uruk-hai 5 orc shamans 11 rock piercers 7 rock moles 4 ponies 16 yellow lights 5 shriekers 2 violet fungi 28 gnome leaders 8 gnomish wizards 3 kobold mummies a golden naga hatchling 6 gray oozes 2 barrow wights 14 elf zombies 10 ghouls a straw golem 2 paper golems 6 jellyfish 16 giant ants 4 little dogs 14 floating eyes 4 kittens 18 dwarves 2 homunculi a kobold leader 7 kobold shamans 22 hill orcs 24 rothes 2 rabid rats a centipede 3 giant bats 2 monkeys 10 orc zombies 10 dwarf zombies 3 wererats 14 iguanas 69 killer bees 3 acid blobs 2 coyotes 4 hobbits 11 manes 4 large kobolds 19 hobgoblins 10 giant rats 5 cave spiders 3 brown molds a yellow mold 4 green molds 76 gnomes 23 garter snakes 18 gnome zombies 13 geckos 3 jackals 3 foxes 4 kobolds 4 goblins 12 sewer rats a grid bug a bat 9 lichens 12 kobold zombies 8 newts 1835 creatures vanquished. Genocided or extinct species: hobbits dwarves bugbears dwarf leaders dwarf rulers mind flayers master mind flayers liches demiliches master liches arch-liches erinyes (extinct) jellyfish piranha sharks giant eels electric eels krakens 17 species genocided. 1 species extinct. Voluntary challenges: You read items or engraved 125 times. You engraved Elbereth 6 times. You genocided 17 types of monsters. You used 5 wishes. You did not wish for any artifacts. You did not violate any of the special Sokoban rules. Achievements: You entered the Gnomish Mines. You attained the rank of Aborigine. You attained the rank of Wanderer. You entered Minetown. You entered a shop. You entered a temple. You entered Sokoban. You attained the rank of Vagrant. You completed Sokoban. You completed the Gnomish Mines. You entered the Big Room. You learned the tune to open and close the Castle's drawbridge. You defeated Medusa. You attained the rank of Wayfarer. You had the Bell of Opening. You entered Gehennom. You had the Candelabrum of Invocation. You had the Book of the Dead. You gained access to Moloch's Sanctum. You reached the Elemental Planes. You reached the Astral Plane. You delivered the Amulet of Yendor. You ascended! The Elemental Planes: Astral Plane: <- You are here. A temple to Anu. Plane of Water: Plane of Fire: Plane of Air: Plane of Earth: The Dungeons of Doom: levels 1 to 26 Level 1: A grave. One way stairs up to The Elemental Planes. Level 2: "locked chest" Stairs down to The Gnomish Mines. Level 3: A grave. Level 4: Level 5: Level 6: "spent sink" A sink. Level 7: "shopkeeper $0" A general store, a grave. Level 8: A fountain. Oracle of Delphi. Level 9: A delicatessen. Stairs up to Sokoban, level 8. Level 10: Level 11: Level 12: "! >" A very big room. Final resting place for PetraKelly-Pri-Elf-Fem-Cha, killed by a manes, while frozen by a gelatinous cube. Level 13: A fountain. Level 14: "mithrils on floors" A fountain. Portal to The Quest. Level 15: Level 16: A fountain. Level 17: "3 white unis" Many altars, many fountains. Level 18: A primitive area. Level 19: "=P from sink" A sink, many graves. Level 20: Level 21: "sink &=" A fountain, a sink. Level 22: A fountain, many trees. Level 23: Level 24: Level 25: "BoH >" Level 26: The castle. Gehennom: levels 27 to 49 Level 27: A temple, many graves. Valley of the Dead. Level 28: Level 29: Level 30: Level 31: Level 32: A fountain. Level 33: Level 34: Level 35: Level 36: An untended shop, an altar, many graves. Level 37: "! <" Stairs up to Vlad's Tower, level 36. Level 38: Level 39: Level 40: Level 41: Level 42: Level 43: Level 44: Level 45: Level 46: Level 47: Level 48: Level 49: A temple, many graves. Moloch's Sanctum. The Gnomish Mines: levels 3 to 11 Level 3: "sell stash >" Level 4: Level 5: "sell stash >" Level 6: "backup holding _, gen store $254" Many shops, a temple, some fountains, some trees. Level 7: Level 8: Level 9: Level 10: Level 11: A fountain. The Quest: levels 1 to 5 Level 1: A temple to Anu. Completed quest for Shaman Karnov. Level 2: Level 3: Level 4: Level 5: Sokoban: levels 8 up to 5 Level 5: Solved. Level 6: Solved. Level 7: "liz" Solved. Level 8: "food stash 0" Solved. Vlad's Tower: levels 36 up to 34 Level 34: Level 35: Level 36: "stash >" Goodbye torpedovariant the Demigoddess... You went to your reward with 1831104 points, The Sceptre of Might (worth 2500 zorkmids and 6250 points) The Book of the Dead (worth 10000 zorkmids and 25000 points) The Candelabrum of Invocation (worth 5000 zorkmids and 12500 points) The Bell of Opening (worth 5000 zorkmids and 12500 points) and 0 pieces of gold, after 40499 moves. You were level 17 with a maximum of 340 hit points when you ascended.